 Dungeon Crawl Stone Soup version 0.20.1-1-g8b1a95d (webtiles) character file.

320 Meenos the Fighter (level 6, -1/62 HPs)
             Began as a Minotaur Berserker on Nov 19, 2017.
             Was a Priest of Trog.
             Slain by Menkaure (10 damage)
             ... on level 4 of the Dungeon.
             The game lasted 00:30:29 (3094 turns).

Meenos the Fighter (Minotaur Berserker)             Turns: 3094, Time: 00:30:30

Health: -1/62      AC:  5    Str: 22    XL:     6   Next: 22%
Magic:  5/5        EV: 11    Int:  4    God:    Trog [***...]
Gold:   166        SH:  0    Dex: 11    Spells: 5/5 levels left

rFire    . . .     SeeInvis +   o - +1 hand axe (flame)
rCold    . . .     Gourm    .   (no shield)
rNeg     . . .     Faith    .   t - +0 ring mail
rPois    .         Spirit   .   (helmet restricted)
rElec    .         Reflect  .   (no cloak)
rCorr    .         Harm     .   (no gloves)
MR       +++..                  (no boots)
Stlth    +.........             (no amulet)
Regen    1.2/turn               j - ring of protection from magic
MPRegen  0.1/turn               v - ring of see invisible

@: berserk cooldown, regenerating, slowed, very slow
A: retaliatory headbutt, horns 2
a: Berserk, Trog's Hand, Burn Spellbooks, Renounce Religion


You were on level 4 of the Dungeon.
You worshipped Trog.
Trog was most pleased with you.
You were not hungry.

You visited 1 branch of the dungeon, and saw 4 of its levels.
You also visited: Sewer.

You collected 166 gold pieces.

Inventory:

Hand Weapons
 o - a +1 hand axe of flaming (weapon)
Missiles
 m - 44 stones (quivered)
 u - 16 sling bullets
Armour
 t - a +0 ring mail (worn)
Jewellery
 j - a ring of protection from magic (left hand)
 v - a ring of see invisible (right hand)
 x - a +5 ring of intelligence {unknown}
Scrolls
 a - 2 scrolls of remove curse {unknown}
 b - a scroll of magic mapping {unknown}
 c - a scroll of blinking {unknown}
 e - 6 scrolls of teleportation {unknown}
 l - a scroll of immolation {unknown}
 n - 6 scrolls of identify {unknown}
 p - a scroll of amnesia {unknown}
Potions
 d - a potion of agility {unknown}
 f - 2 potions of curing {unknown}
 g - 2 potions of invisibility {unknown}
 h - 3 potions of might {unknown}
 i - 3 potions of flight {unknown}
 k - a potion of brilliance {unknown}
 r - 2 potions of heal wounds {unknown}
Comestibles
 q - 3 meat rations
 s - a bread ration
 w - 4 chunks of flesh


   Skills:
 + Level 8.4 Fighting
   Level 3.2 Short Blades
 - Level 0.5 Axes
 - Level 2.4 Armour
 - Level 2.1 Dodging


You had 5 spell levels left.
You didn't know any spells.

Dungeon Overview and Level Annotations

Branches:
Dungeon (4/15)
 Temple: D:4-7

Altars:
Dithmenos
Fedhas

Annotations:
D:4 Menkaure


Innate Abilities, Weirdness & Mutations

You reflexively headbutt those who attack you in melee.
You have a pair of horns on your head.


Message History

Menkaure casts a spell.
Menkaure seems to speed up.
You feel a strong urge to attack something.
You feel your anger subside.
You are no longer berserk.
You pass out from exhaustion.
You feel yourself slow down.
Menkaure whispers, "Let me perform the rites..."
You can move again.
You feel the effects of Trog's Hand fading.
Menkaure hits you!!
You hit Menkaure. You burn Menkaure.
Menkaure is lightly damaged.
Menkaure hits you!!
* * * LOW HITPOINT WARNING * * *
Menkaure points at you and mumbles some strange words.
You resist with almost no effort.
You hit Menkaure. You burn Menkaure.
Menkaure is moderately damaged.
Menkaure closely misses you. x2; Menkaure hits you!
You die...

##################
#...........)))...
#.################
#.# #. #.# #. #.#
####. #.# #....
#.# #.##_ #@# # #.
#M# #. #.# #. #)#
#. #)).# ## ##..#
..# ..# #### .M#
###...


You could see Menkaure.

Vanquished Creatures
  The ghost of dscm the Skirmisher, a weakling BaFi (D:3)
  2 orc wizards (D:4)
  10 adders
  4 gnolls (D:4)
  3 oozes
  4 worms
  2 dart slugs (D:3)
  3 leopard geckos
  3 orcs (D:4)
  11 bats
  2 giant cockroaches
  6 goblins
  4 hobgoblins
  11 jackals
  6 frilled lizards
  5 kobolds
  8 rats
85 creatures vanquished.

Notes
Turn   | Place    | Note
-------+----------+-------------------------------------------
     0 | D:1      | Meenos the Minotaur Berserker began the quest for the Orb.
     0 | D:1      | Reached XP level 1. HP: 19/19 MP: 0/0
   133 | D:1      | Reached skill level 4 in Fighting
   228 | D:1      | Reached XP level 2. HP: 28/28 MP: 1/1
   518 | D:1      | Reached skill level 5 in Fighting
   578 | D:1      | Reached XP level 3. HP: 36/36 MP: 2/2
   791 | D:2      | Reached ** piety under Trog
  1035 | D:2      | Reached XP level 4. HP: 44/44 MP: 3/3
  1260 | D:2      | Found a blossoming altar of Fedhas.
  1331 | D:3      | Reached skill level 6 in Fighting
  1369 | D:3      | Found a glowing drain.
  1376 | Sewer    | Entered a sewer
  1581 | Sewer    | Reached XP level 5. HP: 51/51 MP: 4/4
  2192 | D:3      | Reached skill level 7 in Fighting
  2260 | D:3      | Noticed dscm's ghost (weakling BaFi)
  2265 | D:3      | Killed dscm's ghost
  2981 | D:4      | Found a shadowy altar of Dithmenos.
  3004 | D:4      | Reached skill level 8 in Fighting
  3005 | D:4      | Reached XP level 6. HP: 61/61 MP: 5/5
  3081 | D:4      | Noticed Menkaure
  3083 | D:4      | Reached *** piety under Trog
  3094 | D:4      | Slain by Menkaure

Skill      XL: |  1  2  3  4  5 |
---------------+----------------+-----
Fighting       | 4 5 6 8 |  8.4
Short Blades   | |  3.2
Axes           | |  0.5
Armour         | |  2.4
Dodging        | |  2.1

Action                   |  1- 3 |  4- 6 || total
-------------------------+-------+-------++-------
Melee: Short sword       |    31 |       ||    31
       Hand axe          |    25 |   104 ||   129
       Headbutt          |     4 |    18 ||    22
Invok: Berserk           |     5 |     7 ||    12
       Trog's Hand       |       |     1 ||     1
  Eat: Chunk             |     4 |     6 ||    10
       Bread ration      |       |     2 ||     2
Armor: Leather armour    |    17 |       ||    17
       Ring mail         |       |    49 ||    49
Dodge: Dodged            |    31 |    77 ||   108
